 Dungeon Crawl Stone Soup version 0.30-a0-1160-g6e42c06551 (webtiles) character file.

Game seed: 7344052693425787831

6561 hwolsky the Cleaver (level 10, 0/91 HPs)
             Began as a Minotaur Fighter on Apr 26, 2023.
             Was a Believer of Okawaru.
             Slain by Amaemon
             ... wielding a -2 demon whip of venom
              (2 damage)
             ... on level 8 of the Dungeon.
             The game lasted 00:21:40 (8577 turns).

hwolsky the Cleaver (Minotaur Fighter)              Turns: 8577, Time: 00:21:40

Health: 0/91       AC: 20    Str: 24    XL:     10   Next: 70%
Magic:  9/9        EV:  8    Int:  5    God:    Okawaru [**....]
Gold:   26         SH: 10    Dex: 11    Spells: 9/9 levels left

rFire   + . .        g - +2 war axe (vamp)
rCold   . . .        x - +0 kite shield
rNeg    . . .        B - +0 chain mail
rPois   .            (helmet restricted)
rElec   .            c - +0 cloak
rCorr   .            (no gloves)
SInv    .            i - +2 pair of boots
Will    .....        a - amulet of regeneration Stlth
                     p - ring of protection from fire
HPRegen 1.15/turn    u - +4 ring of protection
MPRegen 0.11/turn

%: no passive effects
@: lethally poisoned (0 -> -2), weakened
A: horns 2, retaliatory headbutt
a: Renounce Religion, Heroism


You were on level 8 of the Dungeon.
You worshipped Okawaru.
Okawaru was pleased with you.
You visited 2 branches of the dungeon, and saw 9 of its levels.

You collected 82 gold pieces.
You spent 56 gold pieces at shops.

Inventory:

Hand Weapons
 g - a +2 vampiric war axe (weapon)
Missiles
 f - 6 poisoned darts
 n - 5 boomerangs (quivered)
Armour
 c - a +0 cloak (worn)
 i - a +2 pair of boots (worn)
 r - a +0 tower shield
 x - a +0 kite shield (worn)
 B - a +0 chain mail (worn)
Jewellery
 a - an amulet of regeneration (around neck)
 p - a ring of protection from fire (left hand)
 u - a +4 ring of protection (right hand)
Wands
 s - a wand of polymorph (7)
 t - a wand of charming (20)
 y - a wand of flame (61)
Scrolls
 b - 3 scrolls of identify
 e - 7 scrolls of teleportation
 h - 3 scrolls of amnesia
 l - 3 scrolls of blinking
Potions
 d - 2 potions of might
 j - 3 potions of brilliance
 k - 3 potions of mutation
 m - 2 potions of lignification
 o - a potion of magic
 q - a potion of flight
 v - a potion of haste
 w - a potion of cancellation


   Skills:
 + Level 9.6 Fighting
 * Level 12.4 Axes
 + Level 9.5 Armour
 + Level 9.5 Shields
 + Level 0.7 Invocations


You had 9 spell levels left.
You didn't know any spells.
Your spell library contained the following spells:

 Spells                   Type           Power      Damage    Failure   Level
 Magic Dart               Conj           0%         1d3       99%         1
 Blink                    Tloc           0%         N/A       99%         2
 Ensorcelled Hibernation  Hex/Ice        0%         N/A       99%         2
 Lesser Beckoning         Tloc           0%         N/A       99%         2
 Momentum Strike          Conj/Tloc      0%         3d8       99%         2
 Passwall                 Tmut/Erth      0%         N/A       99%         2
 Searing Ray              Conj           0%         2d4       99%         2
 Static Discharge         Conj/Air       0%         2-2/arc   99%         2
 Portal Projectile        Hex/Tloc       0%         N/A       100%        3
 Swiftness                Air            0%         N/A       100%        3
 Airstrike                Air            0%         2d(0-16)  100%        4
 Fulminant Prism          Conj/Hex       0%         3d5       100%        4
 Alistair's Intoxication  Tmut/Pois      0%         N/A       100%        5
 Blade Hands              Tmut           0%         N/A       100%        5
 Borgnjor's Vile Clutch   Necr/Erth      0%         N/A       100%        5
 Eringya's Noxious Bog    Tmut/Pois      0%         N/A       100%        6
 Tukima's Dance           Hex            Unusable   N/A       N/A         3
 Summon Lightning Spire   Summ/Air       Unusable   N/A       N/A         4

Dungeon Overview and Level Annotations

Branches:
Dungeon (8/15)             Temple (1/1) D:7
   Lair: D:8-11

Altars:
Ashenzari
Cheibriados
Dithmenos
Elyvilon
Fedhas
Hepliaklqana
Kikubaaqudgha
Makhleb
Nemelex Xobeh
Okawaru
Qazlal
Ru
Sif Muna
Trog
Uskayaw
Vehumet
Wu Jian
Xom
Yredelemnul
Zin

Shops:
D:3 ?

Portals:
Abyss: D:6

Annotations:
D:8 Amaemon


Innate Abilities, Weirdness & Mutations

You have a pair of horns on your head.
You reflexively headbutt those who attack you in melee.


Message History

You block the orange demon's attack.
The orange demon hits you but does no damage.
You barely miss the orange demon.
The orange demon is severely wounded.
You hit something.
* * * LOW HITPOINT WARNING * * *
You feel extremely sick. You block something's attack.
Something claws you but does no damage.
Something tail-slaps you but does no damage.
The orange demon stings you but does no damage.
The orange demon hits you but does no damage.
You slash the orange demon!
The orange demon is almost dead.
You barely miss something.
* * * LOW HITPOINT WARNING * * *
You feel extremely sick.
The orange demon no longer looks unusually toxic.
Something hits you!
* * * LOW HITPOINT WARNING * * *
You are more poisoned.
Something claws you but does no damage. Something tail-slaps you.
* * * LOW HITPOINT WARNING * * *
The orange demon stings you but does no damage.
You block the orange demon's attack.
You feel better. Something hits you.
* * * LOW HITPOINT WARNING * * *
You are poisoned.
Something claws you.
* * * LOW HITPOINT WARNING * * *
Something tail-slaps you but does no damage.
The orange demon barely misses you. The orange demon closely misses you.
Aiming: Throw Flame
Press: ? - help, Q - select action, (/) - cycle Shift-Dir - straight line, f - orange demon
Aim: an orange demon (almost dead, 81% to hit)
The puff of flame hits the orange demon but does no damage.
The orange demon is almost dead.
* * * LOW HITPOINT WARNING * * *
You feel very sick. Something hits you.
You die...

#.........
###########........#
#.........#.........
#.........#.........
#...#####...........
#...# #...####....
#..)# #..#####...#
#...# #.....##[..#
#..@# #.###.......
#..{4...............
#.........######....
######.##.# #.....
#.##.# #..... # ##.
#..... #....# #.####
#####.####


You could see an orange demon.

Vanquished Creatures
  A toenail golem (D:6)
  The ghost of LustLizard the Stinger, a novice DEVM of Hepliaklqana (D:6)
  Maurice (D:8)
  Psyche (D:8)
  A troll (D:7)
  Grinder (D:6)
  Prince Ribbit (D:6)
  Sigmund (D:6)
  A wraith (D:7)
  Eustachio (D:6)
  10 yaks (D:8)
  3 steam dragons
  A water moccasin (D:7)
  2 small abominations (D:6)
  2 ice beasts
  2 black bears
  An ogre (D:6)
  A centaur (D:8)
  2 phantoms
  2 kobold brigands
  4 scorpions
  A gnoll sergeant (D:5)
  9 wights
  A howler monkey (D:2)
  A jelly (D:7)
  A gnoll bouda (D:8)
  3 orc priests
  An iron imp (D:6)
  3 sleepcaps
  2 iguanas (D:5)
  3 orc wizards
  10 gnolls
  11 adders
  A worm (D:2)
  A dart slug (D:4)
  27 orcs
  7 bats
  6 endoplasms
  2 goblins
  3 hobgoblins
  4 jackals (D:4)
  A quokka (D:2)
  10 ball pythons
  9 kobolds
  5 rats
  88 bushes
250 creatures vanquished.

Vanquished Creatures (others)
  25 plants (D:1)
25 creatures vanquished.

Grand Total: 275 creatures vanquished

Notes
Turn   | Place    | Note
-------+----------+-------------------------------------------
     0 | D:1      | hwolsky the Minotaur Fighter began the quest for the Orb.
     0 | D:1      | Reached XP level 1. HP: 19/19 MP: 0/0
   765 | D:1      | Reached XP level 2. HP: 27/27 MP: 1/1
  1130 | D:2      | Reached skill level 3 in Axes
  1207 | D:2      | Found a faded altar of an unknown god.
  1244 | D:2      | Reached XP level 3. HP: 31/33 MP: 2/2
  1368 | D:2      | Reached XP level 4. HP: 40/40 MP: 3/3
  1977 | D:3      | Reached skill level 4 in Axes
  2022 | D:3      | Found a snail-covered altar of Cheibriados.
  2032 | D:3      | Found Wochakk's Magic Scroll Boutique.
  2042 | D:3      | Bought a scroll of identify for 28 gold pieces
  2042 | D:3      | Bought a scroll of identify for 28 gold pieces
  2084 | D:3      | Reached XP level 5. HP: 46/47 MP: 4/4
  2942 | D:4      | Found an ancient bone altar of Kikubaaqudgha.
  3036 | D:4      | Reached skill level 5 in Axes
  3036 | D:4      | Reached XP level 6. HP: 55/55 MP: 5/5
  3038 | D:4      | Found a basalt altar of Yredelemnul.
  3146 | D:4      | Reached skill level 5 in Fighting
  3287 | D:4      | Reached skill level 5 in Armour
  3287 | D:4      | Reached skill level 5 in Shields
  3520 | D:5      | Entered Level 5 of the Dungeon
  3608 | D:5      | Reached XP level 7. HP: 12/61 MP: 6/6
  3845 | D:5      | Reached skill level 6 in Axes
  4334 | D:5      | Noticed a steam dragon
  4342 | D:5      | Killed a steam dragon
  4343 | D:5      | Reached skill level 7 in Axes
  4542 | D:5      | Reached XP level 8. HP: 60/70 MP: 7/7
  4881 | D:6      | Found a transporter.
  4894 | D:6      | Noticed a toenail golem
  4940 | D:6      | Noticed Grinder
  4949 | D:6      | Killed Grinder
  4950 | D:6      | Reached skill level 8 in Axes
  4976 | D:6      | Found a transporter.
  5050 | D:6      | Noticed Prince Ribbit
  5068 | D:6      | Killed Prince Ribbit
  6661 | D:6      | Found a bloodstained altar of Trog.
  6705 | D:6      | Noticed Eustachio
  6723 | D:6      | Killed Eustachio
  6956 | D:6      | Noticed Sigmund
  6969 | D:6      | Killed Sigmund
  6970 | D:6      | Reached skill level 9 in Axes
  7050 | D:6      | Killed a toenail golem
  7051 | D:6      | Reached XP level 9. HP: 79/79 MP: 8/8
  7077 | D:6      | Found a one-way gate to the infinite horrors of the Abyss.
  7080 | D:6      | Noticed LustLizard's ghost (novice DEVM)
  7089 | D:6      | Killed LustLizard's ghost
  7090 | D:6      | Reached skill level 10 in Axes
  7213 | D:7      | Found a white marble altar of Elyvilon.
  7249 | D:7      | Noticed a troll
  7269 | D:7      | Killed a troll
  7548 | D:7      | Reached skill level 11 in Axes
  7580 | D:7      | Found a staircase to the Ecumenical Temple.
  7580 | D:7      | Found a shimmering altar of Xom.
  7610 | D:7      | Found a shimmering blue altar of Sif Muna.
  7610 | D:7      | Found a sparkling altar of Nemelex Xobeh.
  7612 | D:7      | Found a shimmering altar of Xom.
  7612 | D:7      | Found a broken altar of Ashenzari.
  7612 | D:7      | Found a glowing silver altar of Zin.
  7667 | Temple   | Entered the Ecumenical Temple
  7919 | Temple   | Became a worshipper of Warmaster Okawaru
  8149 | D:8      | Noticed Psyche
  8153 | D:8      | Reached XP level 10. HP: 90/90 MP: 9/9
  8169 | D:8      | Killed Psyche
  8219 | D:8      | Reached * piety under Okawaru
  8408 | D:8      | Reached skill level 12 in Axes
  8454 | D:8      | Reached ** piety under Okawaru
  8545 | D:8      | Noticed Maurice
  8551 | D:8      | Noticed Amaemon
  8552 | D:8      | Noticed an orange demon
  8560 | D:8      | Killed Maurice
  8576 | D:8      | HP: 4/91 [something (6)]
  8577 | D:8      | Slain by Amaemon

Illustrated notes

Levels and vault maps discovered:
D:1:      spicycebolla_arrival_clurvy, layout_basic
D:2:      layout_basic, hellmonk_ecumenical_altar_heavens_door
D:3:      layout_loops_cross, mainiacjoe_overflow_concentric_impassable,
          serial_shops, shop
D:4:      layout_basic, kiku_gazebo_pond_becter, mainiacjoe_overflow_paths,
          serial_corexii_hall, corexii_hall_statues_i,
          corexii_hall_statues_deadend, ebering_dispersal_statue_hall
D:5:      layout_basic
D:6:      layout_loops_ring, old_standard_altar, gammafunk_ghost_abyssal_escape,
          minmay_misc_feat_cross, minmay_liquid_box, minmay_hedge_maze,
          uniq_sigmund, uniq_prince_ribbit1, uniq_eustachio, uniq_grinder
D:7:      layout_cave_pools, elyvilon_altar_5, doesnt_xom_only_xom,
          minmay_temple_entry_statues_pillars, serial_park, serial_park_square2,
          serial_park_gazebo [serial_park_minivault_5x5_7], serial_park_tiny_2,
          amcnicky_mini_corridor_feature
D:8:      layout_rooms, eino_tiny_chamber, uniq_maurice, uniq_amaemon,
          uniq_psyche
Temple:   dpeg_chambers_temple

Skill      XL: |  1  2  3  4  5  6  7  8  9 10 |
---------------+-------------------------------+-----
Fighting       | 4 5 6 7 8 9 |  9.6
Axes           | 3 4 5 7 9 11 12 | 12.4
Armour         | 4 5 6 7 8 9 |  9.5
Shields        | 4 5 6 7 8 9 |  9.5
Invocations    | |  0.7

Action                     |  1- 3 |  4- 6 |  7- 9 | 10-12 || total
---------------------------+-------+-------+-------+-------++-------
  Melee: War axe           |   387 |   120 |  1422 |   109 ||  2038
         Headbutt          |   128 |    14 |   556 |    25 ||   723
         Unarmed           |       |       |       |     4 ||     4
  Throw: Dart              |       |     1 |       |       ||     1
         Boomerang         |       |     5 |       |       ||     5
  Evoke: Wand              |       |       |       |     1 ||     1
    Use: Scroll            |     6 |     5 |     7 |       ||    18
         Potion            |     1 |     2 |     4 |     1 ||     8
   Stab: Distracted        |       |       |     1 |       ||     1
 Armour: Scale mail        |    29 |    63 |    49 |       ||   141
         Chain mail        |       |       |    66 |   105 ||   171
  Dodge: Dodged            |    22 |    63 |    61 |    34 ||   180
  Block: Buckler           |     6 |    39 |    15 |       ||    60
         Kite shield       |       |       |    68 |    65 ||   133

Table legend: (Time is in decaauts)
 A = Elapsed time spent in this place.
 B = Non-inter-level travel time spent in this place.
 C = Inter-level travel time spent in this place.
 D = Time resting spent in this place.
 E = Time spent auto-exploring this place.
 F = Levels seen in this place.
 G = Mean time per level.
                   A        B        C        D        E       F      G
               +--------+--------+--------+--------+--------+-----+--------+
         Total |   9015 |   8688 |    327 |    233 |   4258 |   9 | 1001.7 |
       Dungeon |   8735 |   8483 |    252 |    233 |   4067 |   8 | 1091.9 |
        Temple |    279 |    204 |     75 |      0 |    191 |   1 |  279.0 |
               +--------+--------+--------+--------+--------+-----+--------+

Top non-repeatable levels by time:
     D:6: 2705 daAuts
     D:1: 1264 daAuts
     D:5: 1157 daAuts
     D:4: 909 daAuts
     D:2: 773 daAuts
     D:3: 764 daAuts
     D:7: 666 daAuts
     D:8: 494 daAuts
  Temple: 279 daAuts
